TOP OF THE 1ST |
Boise Hawks batting - Pitching for Williamsport Crosscutters : LHP Gilg Martin
|
Pitching: LHP Gilg Martin
|
|
Batting: SHB Clayton Saunders
|
0-0: Foul Ball, location: 2F 0-1: Ball 1-1: Ball 2-1: Called Strike 2-2: Ball 3-2: Base on Balls
|
Batting: RHB Josh Lofgreen
|
0-0: Called Strike 0-1: Swinging Strike 0-2: Ball 1-2: Strikes out looking
|
Batting: LHB Jason Ryan
|
Pickoff Throw to First - Out! 1-3 0-0: Ball 1-0: Ground out 2-3 (Groundball, 2R, EV 71.2 MPH)
|
Top of the 1st over - 0 runs, 0 hits, 0 errors, 0 left on base; Boise 0 - Williamsport 0 |
BOTTOM OF THE 1ST |
Williamsport Crosscutters batting - Pitching for Boise Hawks : RHP Josh Blaschke
|
Pitching: RHP Josh Blaschke
|
|
Batting: RHB Eddie Serna
|
0-0: Ball 1-0: Called Strike 1-1: Ball 2-1: Ground out 1-3 (Groundball, 15, EV 60.6 MPH)
|
Batting: LHB Ryan Young
|
0-0: Ground out 4-3 (Groundball, 4S, EV 93.1 MPH)
|
Batting: LHB Rich Kuehne
|
0-0: Foul Ball, location: 2F 0-1: Ball 1-1: Foul Ball, location: 2F 1-2: Strikes out looking
|
Bottom of the 1st over - 0 runs, 0 hits, 0 errors, 0 left on base; Boise 0 - Williamsport 0 |
TOP OF THE 2ND |
Boise Hawks batting - Pitching for Williamsport Crosscutters : LHP Gilg Martin
|
Batting: RHB Justin Garrett
|
0-0: Ground out U3 (Groundball, 3L, EV 83.8 MPH)
|
Batting: RHB Keith Giarratano
|
0-0: Swinging Strike 0-1: Foul Ball, location: 2F 0-2: Ball 1-2: Fly out, F8 (Line Drive, 78D, EV 96.2 MPH)
|
Batting: RHB Carlos de Jesus
|
0-0: Ball 1-0: Foul Ball, location: 2F 1-1: Ball 2-1: Swinging Strike 2-2: Strikes out swinging
|
Top of the 2nd over - 0 runs, 0 hits, 0 errors, 0 left on base; Boise 0 - Williamsport 0 |
BOTTOM OF THE 2ND |
Williamsport Crosscutters batting - Pitching for Boise Hawks : RHP Josh Blaschke
|
Batting: LHB Jean-Claude Vanbiesbrouck
|
0-0: Called Strike 0-1: Foul Ball, location: 2F 0-2: Foul Ball, location: 2F 0-2: Ball 1-2: Foul Ball, location: 2F 1-2: Ball 2-2: Foul Ball, location: 2F 2-2: Ball 3-2: Foul Ball, location: 2F 3-2: Foul Ball, location: 2F 3-2: SINGLE (Flyball, 34D, EV 90.0 MPH)
|
Batting: LHB Jason Duda
|
0-0: Hit by Pitch Jean-Claude Vanbiesbrouck to second
|
Batting: RHB Teh-huai Jiang
|
0-0: Ball 1-0: Swinging Strike 1-1: Foul Ball, location: 2F 1-2: Ball 2-2: Ground out 6-3 (Groundball, 6S, EV 66.9 MPH) Jean-Claude Vanbiesbrouck to third Jason Duda to second
|
Batting: LHB Bryant Dill
|
0-0: Foul Ball, location: 2F 0-1: Fly out, F7 (Flyball, 7, EV 85.6 MPH) Runner from 3rd tags up, SCORES, no throw by LF
|
Batting: RHB Steve Kirby
|
0-0: Ball 1-0: Fly out, F9 (Flyball, 89S, EV 93.1 MPH)
|
Bottom of the 2nd over - 1 run, 1 hit, 0 errors, 1 left on base; Boise 0 - Williamsport 1 |
TOP OF THE 3RD |
Boise Hawks batting - Pitching for Williamsport Crosscutters : LHP Gilg Martin
|
Batting: RHB Bob Hayes
|
0-0: Ball 1-0: SOLO HOME RUN (Flyball, 78XD, EV 110.6 MPH), Distance : 414 ft
|
Batting: RHB Kevin McKasson
|
0-0: Called Strike 0-1: Ball 1-1: Ground out U3 (Groundball, 34S, EV 88.1 MPH)
|
Batting: RHB Willie Benito
|
0-0: Ground out 4-3 (Groundball, 4, EV 78.1 MPH)
|
Batting: SHB Clayton Saunders
|
0-0: Called Strike 0-1: Swinging Strike 0-2: Ball 1-2: Ball 2-2: Ball 3-2: Foul Ball, location: 2F 3-2: Strikes out swinging
|
Top of the 3rd over - 1 run, 1 hit, 0 errors, 0 left on base; Boise 1 - Williamsport 1 |
BOTTOM OF THE 3RD |
Williamsport Crosscutters batting - Pitching for Boise Hawks : RHP Josh Blaschke
|
Batting: RHB Allen Deschamps
|
0-0: Ball 1-0: Foul Ball, location: 2F 1-1: Ball 2-1: Called Strike 2-2: Ball 3-2: Fly out, F8 (Flyball, 8RD, EV 83.8 MPH)
|
Batting: RHB Eddie Serna
|
0-0: Ball 1-0: Called Strike 1-1: Foul Ball, location: 2F 1-2: Fly out, F9 (Flyball, 89M, EV 85.0 MPH)
|
Batting: LHB Ryan Young
|
0-0: Swinging Strike 0-1: Ball 1-1: Foul Ball, location: 2F 1-2: Ball 2-2: Strikes out swinging
|
Bottom of the 3rd over - 0 runs, 0 hits, 0 errors, 0 left on base; Boise 1 - Williamsport 1 |
TOP OF THE 4TH |
Boise Hawks batting - Pitching for Williamsport Crosscutters : LHP Gilg Martin
|
Batting: RHB Josh Lofgreen
|
0-0: Foul Ball, location: 2F 0-1: Ball 1-1: Foul Ball, location: 2F 1-2: Foul Ball, location: 2F 1-2: Fly out, F5 (Popup, 25F, EV 86.9 MPH)
|
Batting: LHB Jason Ryan
|
0-0: Ball 1-0: Ball 2-0: Ground out 5-3 (Groundball, 56S, EV 61.9 MPH)
|
Batting: RHB Justin Garrett
|
0-0: Foul Ball, location: 2F 0-1: Ball 1-1: Foul Ball, location: 2F 1-2: Ball 2-2: Foul Ball, location: 2F 2-2: Foul Ball, location: 2F 2-2: Ball 3-2: Ground out 5-3 (Groundball, 56, EV 89.4 MPH)
|
Top of the 4th over - 0 runs, 0 hits, 0 errors, 0 left on base; Boise 1 - Williamsport 1 |
BOTTOM OF THE 4TH |
Williamsport Crosscutters batting - Pitching for Boise Hawks : RHP Josh Blaschke
|
Batting: LHB Rich Kuehne
|
0-0: Swinging Strike 0-1: Ball 1-1: Called Strike 1-2: Strikes out swinging
|
Batting: LHB Jean-Claude Vanbiesbrouck
|
0-0: Called Strike 0-1: Ball 1-1: Ground out 2-3 (Groundball, 15S, EV 67.5 MPH)
|
Batting: LHB Jason Duda
|
0-0: Fly out, F7 (Flyball, 78M, EV 86.9 MPH)
|
Bottom of the 4th over - 0 runs, 0 hits, 0 errors, 0 left on base; Boise 1 - Williamsport 1 |
TOP OF THE 5TH |
Boise Hawks batting - Pitching for Williamsport Crosscutters : LHP Gilg Martin
|
Batting: RHB Keith Giarratano
|
0-0: Ball 1-0: Called Strike 1-1: Foul Ball, location: 2F 1-2: Ball 2-2: Ball 3-2: SINGLE (Groundball, 4, EV 103.8 MPH)
|
Batting: RHB Carlos de Jesus
|
0-0: Called Strike 0-1: Foul Ball, location: 2F 0-2: Ball 1-2: Ball 2-2: Foul Ball, location: 2F 2-2: Fly out, F6 (Popup, 6MS, EV 74.4 MPH)
|
Batting: RHB Bob Hayes
|
0-0: Ball 1-0: Ball 2-0: Swinging Strike 2-1: Foul Ball, location: 2F 2-2: Strikes out swinging
|
Batting: RHB Kevin McKasson
|
0-0: Ball 1-0: Ball 2-0: Ball 3-0: Base on Balls Keith Giarratano to second
|
Batting: RHB Willie Benito
|
0-0: Swinging Strike 0-1: Ball 1-1: Ball 2-1: Called Strike 2-2: Foul Ball, location: 2F 2-2: Foul Ball, location: 2F 2-2: Ball 3-2: Base on Balls Keith Giarratano to third Kevin McKasson to second
|
Pitching: LHP Chad Torres
|
|
Batting: SHB Clayton Saunders
|
0-0: Ball Wild Pitch! Keith Giarratano scores Kevin McKasson to third Willie Benito to second 1-0: Called Strike 1-1: Ball 2-1: Foul Ball, location: 2F 2-2: Ball 3-2: Base on Balls
|
Batting: RHB Josh Lofgreen
|
0-0: Fly out, F4 (Line Drive, 4, EV 65.6 MPH)
|
Top of the 5th over - 1 run, 1 hit, 0 errors, 3 left on base; Boise 2 - Williamsport 1 |
BOTTOM OF THE 5TH |
Williamsport Crosscutters batting - Pitching for Boise Hawks : RHP Josh Blaschke
|
Batting: RHB Teh-huai Jiang
|
0-0: Called Strike 0-1: Foul Ball, location: 2F 0-2: Foul Ball, location: 2F 0-2: SINGLE (Flyball, 7LS, EV 90.6 MPH)
|
Batting: LHB Bryant Dill
|
0-0: Ball 1-0: Called Strike 1-1: Foul Ball, location: 2F 1-2: Grounds into double play, 6-4-3 (Groundball, 56, EV 105.0 MPH)
|
Batting: RHB Steve Kirby
|
0-0: Ball 1-0: Swinging Strike 1-1: Ball 2-1: Called Strike 2-2: Strikes out swinging
|
Bottom of the 5th over - 0 runs, 1 hit, 0 errors, 0 left on base; Boise 2 - Williamsport 1 |
TOP OF THE 6TH |
Boise Hawks batting - Pitching for Williamsport Crosscutters : LHP Chad Torres
|
Batting: LHB Jason Ryan
|
0-0: Ball 1-0: Ball 2-0: Ball 3-0: Called Strike 3-1: Base on Balls
|
Batting: RHB Justin Garrett
|
0-0: Ball 1-0: Called Strike 1-1: Swinging Strike 1-2: Ball 2-2: SINGLE (Flyball, 8RS, EV 93.8 MPH) Jason Ryan to second
|
Batting: RHB Keith Giarratano
|
0-0: Ball 1-0: Fly out, F5 (Popup, 5D, EV 64.4 MPH)
|
Batting: RHB Carlos de Jesus
|
0-0: Called Strike 0-1: Hit by Pitch Jason Ryan to third Justin Garrett to second
|
Batting: RHB Bob Hayes
|
0-0: Fly out, F9 (Line Drive, 9S, EV 113.1 MPH)
|
Batting: RHB Kevin McKasson
|
0-0: Ball 1-0: Foul Ball, location: 2F 1-1: Ball 2-1: Foul Ball, location: 2F 2-2: Ball 3-2: Fly out, F8 (Line Drive, 8RM, EV 88.8 MPH)
|
Top of the 6th over - 0 runs, 1 hit, 0 errors, 3 left on base; Boise 2 - Williamsport 1 |
BOTTOM OF THE 6TH |
Williamsport Crosscutters batting - Pitching for Boise Hawks : RHP Josh Blaschke
|
Batting: RHB Allen Deschamps
|
0-0: Foul Ball, location: 2F 0-1: Called Strike 0-2: Ball 1-2: Foul Ball, location: 2F 1-2: Ball 2-2: SINGLE (Flyball, 89S, EV 90.6 MPH)
|
Pitching: RHP Wilson Mendez
|
|
Batting: RHB Eddie Serna
|
0-0: Ball 1-0: Ball Allen Deschamps steals 2nd base 2-0: Ball 3-0: Foul Ball, location: 2F 3-1: Foul Ball, location: 2F 3-2: Foul Ball, location: 2F 3-2: Hit by Pitch
|
Batting: LHB Ryan Young
|
0-0: Fly out, F7 (Flyball, 7D, EV 101.9 MPH) Runner from 2nd tags up, SAFE at 3rd, no throw by LF
|
Batting: LHB Rich Kuehne
|
0-0: Called Strike Eddie Serna is caught stealing 2nd base 2-6 0-1: Swinging Strike 0-2: Fly out, F9 (Flyball, 9LM, EV 90.6 MPH)
|
Bottom of the 6th over - 0 runs, 1 hit, 0 errors, 1 left on base; Boise 2 - Williamsport 1 |
TOP OF THE 7TH |
Boise Hawks batting - Pitching for Williamsport Crosscutters : LHP Chad Torres
|
Batting: RHB Willie Benito
|
0-0: Foul Ball, location: 2F 0-1: Foul Ball, location: 2F 0-2: Ball 1-2: Ball 2-2: Ball 3-2: SINGLE (Groundball, 4D, EV 106.2 MPH)
|
Batting: SHB Clayton Saunders
|
0-0: Foul Ball, location: 2F 0-1: Ball 1-1: Ball 2-1: Foul Ball, location: 2F 2-2: Strikes out swinging
|
Pitching: RHP Tim Starks
|
|
Batting: RHB Josh Lofgreen
|
0-0: Ball 1-0: Foul Ball, location: 2F 1-1: DOUBLE (Groundball, 5L, EV 109.4 MPH) Willie Benito to third
|
Batting: LHB Jason Ryan
|
0-0: Ball 1-0: Called Strike 1-1: Ball 2-1: Ball 3-1: Base on Balls
|
Batting: RHB Justin Garrett
|
0-0: Ball 1-0: SINGLE (Flyball, 7LS, EV 95.0 MPH) Willie Benito scores Josh Lofgreen to third Jason Ryan to second Runner from 3rd tries for Home, SAFE, throw by LF to home
|
Batting: RHB Keith Giarratano
|
0-0: Swinging Strike 0-1: Foul Ball, location: 2F 0-2: Ball 1-2: Ball 2-2: Ball 3-2: Strikes out swinging
|
Batting: RHB Carlos de Jesus
|
0-0: Ball 1-0: Foul Ball, location: 2F 1-1: Called Strike 1-2: Strikes out swinging
|
Top of the 7th over - 2 runs, 3 hits, 0 errors, 2 left on base; Boise 4 - Williamsport 1 |
BOTTOM OF THE 7TH |
Williamsport Crosscutters batting - Pitching for Boise Hawks : RHP Wilson Mendez
|
Batting: LHB Jean-Claude Vanbiesbrouck
|
0-0: Foul Ball, location: 2F 0-1: Foul Ball, location: 2F 0-2: Reached via error on a dropped throw from 1B, E1 (Groundball, 34S, EV 94.4 MPH)
|
Batting: LHB Jason Duda
|
0-0: Ball 1-0: Ball 2-0: Ball 3-0: Called Strike 3-1: Called Strike 3-2: Ground out U3 (Groundball, 34, EV 91.2 MPH) Jean-Claude Vanbiesbrouck to second
|
Batting: RHB Teh-huai Jiang
|
0-0: Called Strike 0-1: Ball 1-1: Ball 2-1: Ball 3-1: Called Strike 3-2: Base on Balls
|
Batting: LHB Bryant Dill
|
0-0: Ball Wild Pitch! Jean-Claude Vanbiesbrouck to third Teh-huai Jiang to second 1-0: Ground out 6-3 (Groundball, 6, EV 105.0 MPH) Jean-Claude Vanbiesbrouck scores
|
Batting: RHB Steve Kirby
|
0-0: Swinging Strike 0-1: Ball 1-1: Foul Ball, location: 2F 1-2: Strikes out swinging
|
Bottom of the 7th over - 1 run, 0 hits, 1 error, 1 left on base; Boise 4 - Williamsport 2 |
TOP OF THE 8TH |
Boise Hawks batting - Pitching for Williamsport Crosscutters : RHP Tim Starks
|
Batting: RHB Bob Hayes
|
0-0: Ball 1-0: Swinging Strike 1-1: Called Strike 1-2: Strikes out swinging
|
Batting: RHB Kevin McKasson
|
0-0: Ball 1-0: Foul Ball, location: 2F 1-1: Foul Ball, location: 2F 1-2: Ball 2-2: Foul Ball, location: 2F 2-2: Foul Ball, location: 2F 2-2: Strikes out looking
|
Batting: RHB Willie Benito
|
0-0: Ball 1-0: Ball 2-0: Ball 3-0: Called Strike 3-1: Foul Ball, location: 2F 3-2: Foul Ball, location: 2F 3-2: Foul Ball, location: 2F 3-2: Fly out, F8 (Line Drive, 8LD, EV 91.2 MPH)
|
Top of the 8th over - 0 runs, 0 hits, 0 errors, 0 left on base; Boise 4 - Williamsport 2 |
BOTTOM OF THE 8TH |
Williamsport Crosscutters batting - Pitching for Boise Hawks : RHP Wilson Mendez
|
Batting: RHB Allen Deschamps
|
0-0: SINGLE (Groundball, 4MD, EV 98.1 MPH)
|
Batting: RHB Eddie Serna
|
0-0: Ball 1-0: Fly out, F9 (Flyball, 89M, EV 90.6 MPH)
|
Batting: LHB Ryan Young
|
0-0: Swinging Strike 0-1: Swinging Strike 0-2: Ball 1-2: Strikes out looking
|
Batting: LHB Rich Kuehne
|
0-0: Called Strike 0-1: Ball 1-1: SINGLE (Line Drive, 9S, EV 105.6 MPH) Allen Deschamps to second Runner from 2nd tries for 3rd, SAFE, throw by RF made to third
|
Pitching: LHP Rafael Lozano
|
|
Batting: LHB Jean-Claude Vanbiesbrouck
|
0-0: Ball 1-0: Foul Ball, location: 2F 1-1: Called Strike 1-2: Ball 2-2: Ball 3-2: Strikes out swinging
|
Bottom of the 8th over - 0 runs, 2 hits, 0 errors, 2 left on base; Boise 4 - Williamsport 2 |
TOP OF THE 9TH |
Boise Hawks batting - Pitching for Williamsport Crosscutters : RHP Tim Starks
|
Pitching: LHP Dan Luckhardt
|
|
Batting: SHB Clayton Saunders
|
0-0: Fly out, F9 (Flyball, 89D, EV 111.9 MPH)
|
Batting: RHB Josh Lofgreen
|
0-0: Foul Ball, location: 2F 0-1: Foul Ball, location: 2F 0-2: Fly out, F8 (Flyball, 89M, EV 86.9 MPH)
|
Batting: LHB Jason Ryan
|
0-0: Called Strike 0-1: Foul Ball, location: 2F 0-2: Foul Ball, location: 2F 0-2: Ground out 6-3 (Groundball, 6, EV 83.1 MPH)
|
Top of the 9th over - 0 runs, 0 hits, 0 errors, 0 left on base; Boise 4 - Williamsport 2 |
BOTTOM OF THE 9TH |
Williamsport Crosscutters batting - Pitching for Boise Hawks : LHP Rafael Lozano
|
Pitching: RHP Travis Palmisano
|
|
Now at 3B: Rich McDonald
|
|
Batting: LHB Jason Duda
|
0-0: Ball 1-0: Swinging Strike 1-1: Ball 2-1: Swinging Strike 2-2: Ball 3-2: Strikes out swinging
|
Batting: RHB Teh-huai Jiang
|
0-0: Ball 1-0: Fly out, F9 (Line Drive, 89M, EV 105.6 MPH)
|
Batting: LHB Bryant Dill
|
0-0: Ball 1-0: Ball 2-0: Fly out, F8 (Line Drive, 8LD, EV 90.0 MPH)
|
Bottom of the 9th over - 0 runs, 0 hits, 0 errors, 0 left on base; Boise 4 - Williamsport 2 |
|